 Dungeon Crawl Stone Soup version 0.19-a0-593-gf2cdb02 (webtiles) character file.

92 Duffy the Ruffian (level 4, -4/35 HPs)
             Began as a Minotaur Transmuter on June 10, 2016.
             Slain by a worm (9 damage)
             ... on level 2 of the Dungeon.
             The game lasted 00:00:48 (1036 turns).

Duffy the Ruffian (Minotaur Transmuter)             Turns: 1036, Time: 00:00:49

Health: -4/35      AC:  5    Str: 15    XL:     4   Next: 35%
Magic:  5/5        EV: 11    Int: 10    God:
Gold:   31         SH:  0    Dex: 11    Spells: 1 memorised, 4 levels left

rFire  . . .     SeeInvis .       - Unarmed
rCold  . . .     Gourm    .     l - +0 ring mail
rNeg   . . .     Faith    .     (no shield)
rPois  .         Spirit   .     (helmet restricted)
rElec  .         Dismiss  .     (no cloak)
rCorr  .         Reflect  .     (no gloves)
SustAt .         Harm     .     (no boots)
MR     .....                    (no amulet)
Stlth  +.........               (no ring)
                                (no ring)

@: lethally poisoned (-4 -> -8), not resistant to hostile enchantments, very
unstealthy
A: retaliatory headbutt, horns 2
a: no special abilities


You were on level 2 of the Dungeon.
You were not hungry.

You visited 1 branch of the dungeon, and saw 2 of its levels.

You collected 31 gold pieces.


Innate Abilities, Weirdness & Mutations

You reflexively headbutt those who attack you in melee.
You have a pair of horns on your head.


   Skills:
 - Level 1.2 Fighting
 - Level 2.1 Dodging
 + Level 5.7 Unarmed Combat
 - Level 1.3 Spellcasting
 - Level 1.5 Transmutations


You had 4 spell levels left.
You knew the following spells:

 Your Spells              Type           Power        Failure   Level  Hunger
a - Beastly Appendage     Tmut           #.....       38%         1    ##.....

Inventory:

Missiles
 a - 46 arrows
 m - 35 poisoned needles
Armour
 b - a +0 robe
 l - a +0 ring mail (worn)
Scrolls
 e - a scroll of immolation {unknown}
 f - 3 scrolls of identify {unknown}
 g - 3 scrolls of remove curse {unknown}
 i - a scroll of teleportation {unknown}
 n - a scroll of random uselessness {unknown}
 o - a scroll of fear {unknown}
Potions
 j - a potion of agility {unknown}
 k - 3 potions of flight {unknown}
 p - a potion of curing {unknown}
Books
 c - a book of Changes
Comestibles
 d - a bread ration
 h - 5 fruits

Dungeon Overview and Level Annotations

Branches:
Dungeon (2/15)

Altars:


Message History

The adder is severely wounded.
The adder bites you.
You are poisoned.
The adder poisons you!
You completely miss the adder.
The adder is severely wounded.
You feel sick. The adder bites you.
You are more poisoned.
The adder poisons you!
You closely miss the adder.
The adder is severely wounded.
You feel sick. The adder completely misses you.
You punch the adder!
You kill the adder!
You hit the worm.
The worm is moderately wounded.
You feel sick. The worm bites you.
You barely miss the worm.
The worm is lightly wounded.
You feel sick.
You hit the worm.
The worm is heavily wounded.
The worm bites you!
You punch the worm!
The worm is severely wounded.
You feel sick.
You hit the worm but do no damage.
The worm is severely wounded.
The worm bites you!
You are too injured to fight recklessly!
You are too injured to fight recklessly!
You are too injured to fight recklessly!
You are too injured to fight recklessly!
You are too injured to fight recklessly!
You are too injured to fight recklessly!
You are too injured to fight recklessly!
You are too injured to fight recklessly!
You are too injured to fight recklessly!
You are too injured to fight recklessly!
You are too injured to fight recklessly!
You are too injured to fight recklessly!
You are too injured to fight recklessly!
You are too injured to fight recklessly!
You are too injured to fight recklessly!
You hit the worm.
The worm is almost dead.
You hit the worm but do no damage.
The worm is almost dead.
You feel sick. The worm bites you!
You die...

...# #### ##+######.
####+#......... ###
#.............# ....
#.............# #....
#.......w.....#
#..... #+#@# ......#
######...#
......###....##..#
.............'..>#
.............#####...
.............'.......
.............########
..#####'######
........#####


You could see a worm.

Action                   |  1- 3 |  4- 6 || total
-------------------------+-------+-------++-------
Melee: Unarmed           |    41 |    19 ||    60
       Headbutt          |     4 |     3 ||     7
       Punch             |     1 |       ||     1
Armor: Robe              |     4 |       ||     4
       Ring mail         |     6 |     3 ||     9
Dodge: Dodged            |    21 |     8 ||    29

Notes
Turn   | Place    | Note
--------------------------------------------------------------
     0 | D:1      | Duffy the Minotaur Transmuter began the quest for the Orb.
     0 | D:1      | Reached XP level 1. HP: 16/16 MP: 1/1
   132 | D:1      | Reached skill level 4 in Unarmed Combat
   132 | D:1      | Reached XP level 2. HP: 18/23 MP: 3/3
   639 | D:2      | Reached XP level 3. HP: 27/28 MP: 4/4
   657 | D:2      | Reached skill level 5 in Unarmed Combat
   669 | D:2      | Reached XP level 4. HP: 28/35 MP: 5/5
  1036 | D:2      | Slain by a worm

Skill      XL: |  1  2  3 |
---------------+----------+-----
Unarmed Combat | 4 5 |  5.7
Fighting       | |  1.2
Dodging        | |  2.1
Spellcasting   | |  1.3
Transmutations | |  1.5

Vault maps used:
D:1:      dpeg_arrival_tiny_k
D:2:      lemuel_coloured_pillars_altar

Vanquished Creatures
  4 gnolls
  3 adders
  4 giant geckos
  5 bats
  A giant cockroach
  3 goblins
  3 hobgoblins
  A ball python
  A giant newt
  A kobold
  A rat
27 creatures vanquished.
